 Dungeon Crawl Stone Soup version 0.30-a0-691-g754fce4c43 (webtiles) character file.

Game seed: 8240418094049718930

5 Newt the Shooter (level 1, -3/12 HPs)
             Began as a Kobold Hunter on Jan 19, 2023.
             Frozen to death by an endoplasm (5 damage)
             ... on level 1 of the Dungeon.
             The game lasted 00:00:16 (104 turns).

Newt the Shooter (Kobold Hunter)                     Turns: 104, Time: 00:00:17

Health: -3/12      AC:  3    Str:  8    XL:     1   Next: 88%
Magic:  1/1        EV: 14    Int: 10    God:
Gold:   6          SH:  0    Dex: 18    Spells: 0/0 levels left

rFire   . . .      SeeInvis .    a - +0 shortbow
rCold   . . .      Faith    .    (shield currently unavailable)
rNeg    . . .      Spirit   .    c - +0 leather armour
rPois   .          Reflect  .    (no helmet)
rElec   .          Harm     .    (no cloak)
rCorr   .          Rampage  .    (no gloves)
Will    .....                    (no boots)
Stlth   +++                      (no amulet)
HPRegen 0.22/turn                (no ring)
MPRegen 0.07/turn                (no ring)

@: no status effects
A: small, no large weapons, nightstalker 3
a: no special abilities


You were on level 1 of the Dungeon.
You visited 1 branch of the dungeon, and saw 1 of its levels.

You collected 6 gold pieces.

Inventory:

Hand Weapons
 a - a +0 shortbow (weapon)
Armour
 c - a +0 leather armour (worn)
Scrolls
 b - a scroll of immolation


   Skills:
 - Level 2.1 Fighting
 - Level 5.3 Ranged Weapons
 - Level 2.4 Dodging
 + Level 2.6 Stealth


You couldn't memorise any spells.
You didn't know any spells.
Your spell library was empty.

Dungeon Overview and Level Annotations

Branches:
Dungeon (1/15)

Altars:


Innate Abilities, Weirdness & Mutations

You are small and have problems with some larger weapons.
You are completely attuned to the shadows.


Message History

Your Stealth skill increases to level 2!
You shoot an arrow. The arrow hits the kobold!
You kill the kobold!
An endoplasm comes into view.
The kobold barely misses you.
You shoot an arrow. The arrow misses the kobold.
The kobold barely misses you. The endoplasm freezes you.
You are frozen.
You shoot an arrow. The arrow barely misses the kobold.
The kobold hits you but does no damage. The endoplasm hits you. x2
* * * LOW HITPOINT WARNING * * *
The kobold hits you with a +0 whip.
* * * LOW HITPOINT WARNING * * *
You are too injured to fight recklessly!
Unknown command.
The endoplasm attacks as you move away! The endoplasm misses you.
The kobold attacks as you move away! The kobold misses you.
The endoplasm misses you. The endoplasm attacks as you move away!
The endoplasm hits you but does no damage.
The endoplasm attacks as you move away! The endoplasm barely misses you.
The endoplasm closely misses you. The endoplasm attacks as you move away!
The endoplasm barely misses you. The endoplasm attacks as you move away!
The endoplasm closely misses you.
You shoot an arrow. The arrow hits the endoplasm.
The endoplasm is almost dead.
The endoplasm freezes you.
You are frozen.
* * * LOW HITPOINT WARNING * * *
You aren't carrying any potions.
You shoot an arrow. The arrow hits the endoplasm!
You kill the endoplasm!
You shoot an arrow. The arrow hits the endoplasm.
The endoplasm is moderately wounded.
The endoplasm closely misses you.
You shoot an arrow. The arrow hits the endoplasm.
The endoplasm is severely wounded.
The endoplasm freezes you.
You are frozen.
You die...

..........
......$....
......)....
.........##
...........
.........##
....K##### ####J# #@#
#.# ...
#.##############..
#.................
#####....######......
.........+...........
.####....######......
#....# #...... ######
#......


You could see an endoplasm and a kobold.

Vanquished Creatures
  2 endoplasms (D:1)
  A kobold (D:1)
  A bat (D:1)
  A rat (D:1)
5 creatures vanquished.

Notes
Turn   | Place    | Note
-------+----------+-------------------------------------------
     0 | D:1      | Newt the Kobold Hunter began the quest for the Orb.
     0 | D:1      | Reached XP level 1. HP: 12/12 MP: 1/1
   104 | D:1      | Frozen to death by an endoplasm

Illustrated notes

Levels and vault maps discovered:
D:1:      saegor_arrival_simple_d, layout_basic

Skill      XL: |  1 |
---------------+----+-----
Stealth        | 2 |  2.6
Fighting       | |  2.1
Ranged Weapons | |  5.3
Dodging        | |  2.4

Action                   || total
-------------------------++-------
 Fire: Shortbow          ||    13
Armor: Leather armour    ||     2
Dodge: Dodged            ||    11

Table legend: (Time is in decaauts)
 A = Elapsed time spent in this place.
 B = Non-inter-level travel time spent in this place.
 C = Inter-level travel time spent in this place.
 D = Time resting spent in this place.
 E = Time spent auto-exploring this place.
 F = Levels seen in this place.
 G = Mean time per level.
                   A        B        C        D        E       F      G
               +--------+--------+--------+--------+--------+-----+--------+
         Total |    107 |    107 |      0 |      0 |     83 |   1 |  107.0 |
       Dungeon |    107 |    107 |      0 |      0 |     83 |   1 |  107.0 |
               +--------+--------+--------+--------+--------+-----+--------+

Top non-repeatable levels by time:
     D:1: 107 daAuts
